Map: Croisement de Kairos EC

Players

PROtoss - Winner!

  • Race: Protoss Protoss
  • Spawn Location: 5:00

zuka

  • Race: Protoss Protoss
  • League: Master
  • Spawn Location: 11:00

VOD

Have the link to the VOD?

Description

Time

  • Played on: Feb. 20, 2019, 2:24 p.m.
  • Length: 18:06
Show
View Real Time Build Order
Export as new Build Order

PROtoss Protoss - Winner!

Build Orders: Phoenix Opening 

Get SALT Encoding   

  12  0:00  Probe  
  13  0:12  Probe  
  14  0:17  Pylon  
  14  0:23  Probe  
  15  0:31  Probe  
  15  0:37  Gateway  
  15  0:39  Probe  
  16  0:46  Assimilator  
  17  0:51  Probe  
  17  0:54  Assimilator  
  18  1:01  Probe  
  19  1:09  Probe  
  19  1:13  Gateway  
  19  1:17  Probe  
  20  1:24  Cybernetics Core  
  21  1:29  Probe  
  22  1:35  Pylon  
  22  1:41  Probe  
  23  1:53  Probe  
  28  2:01  Sentry x2  
  28  2:06  Probe  
  28  2:07  Warp Gate  
  29  2:12  Pylon  
  29  2:18  Probe  
  32  2:30  Sentry  
  32  2:35  Nexus  
  32  2:40  Phoenix  
  32  2:41  Shield Battery  
  32  2:45  Sentry  
  32  2:47  Probe  
  35  2:56  Probe  
  35  2:57  Pylon  
  35  3:03  Sentry  
  35  3:04  Probe  
  39  3:14  Probe  
  40  3:21  Pylon  
  40  3:22  Probe  
  41  3:30  Probe  
  42  3:40  Probe  
  42  3:42  Nexus  
  42  3:47  Probe  
  43  3:53  Probe  
  43  3:55  Sentry, Probe  
  47  4:01  Sentry  
  50  4:04  Probe  
  50  4:05  Probe  
  52  4:12  Assimilator  
  52  4:15  Probe  
  52  4:16  Assimilator  
  53  4:17  Probe  
  54  4:26  Pylon  
  54  4:27  Probe  
  54  4:29  Probe  
  56  4:37  Sentry x2  
  60  4:39  Probe  
  60  4:41  Probe  
  60  4:44  Pylon  
  62  4:51  Pylon, Probe  
  63  4:53  Probe  
  63  4:54  Probe  
  63  4:58  Forge, Gateway  
  65  5:01  Sentry x2  
  65  5:03  Probe  
  65  5:06  Shield Battery  
  70  5:07  Shield Battery  
  70  5:09  Probe x2  
  72  5:15  Probe  
  73  5:21  Probe  
  73  5:24  Pylon  
  74  5:31  Photon Cannon  
  74  5:34  Photon Cannon  
  74  5:35  Photon Cannon  
  74  5:38  Sentry x2  
  74  5:57  Sentry  
  74  6:01  Photon Cannon  
  74  6:03  Photon Cannon  
  76  6:05  Shield Battery, Photon Cannon, Pylon  
  76  6:08  Probe  
  77  6:12  Sentry x2  
  77  6:15  Protoss Ground Weapons Level 1  
  81  6:18  Probe  
  81  6:22  Probe  
  81  6:24  Probe  
  83  6:29  Assimilator  
  83  6:30  Probe x2  
  83  6:32  Nexus  
  85  6:33  Assimilator  
  85  6:36  Probe  
  87  6:40  Probe  
  87  6:41  Pylon  
  87  6:43  Probe  
  87  6:44  Sentry x3  
  95  6:51  Gateway  
  95  6:56  Probe  
  96  7:01  Probe  
  96  7:09  Probe  
  96  7:10  Sentry x2  
  96  7:11  Sentry  
  103  7:18  Probe  
  103  7:20  Photon Cannon  
  103  7:21  Probe x2  
  103  7:22  Photon Cannon  
  106  7:23  Pylon  
  106  7:30  Probe  
  106  7:35  Robotics Facility  
  106  7:36  Gateway  
  107  7:37  Pylon  
  107  7:38  Sentry, Gateway  
  107  7:39  Gateway, Sentry x2  
  113  7:48  Twilight Council  
  113  7:49  Probe x2  
  113  7:51  Probe x2  
  117  8:01  Probe x2  
  117  8:03  Sentry x2, Probe x2  
  125  8:06  Photon Cannon  
  125  8:07  Photon Cannon x2  
  125  8:10  Shield Battery  
  125  8:11  Shield Battery, Photon Cannon  
  125  8:13  Probe x2  
  125  8:14  Probe  
  125  8:16  Sentry x2  
  132  8:22  Probe  
  132  8:25  Assimilator  
  133  8:28  Assimilator  
  133  8:29  Sentry  
  133  8:30  Sentry, Probe  
  137  8:36  Pylon, Protoss Ground Weapons Level 2  
  137  8:37  Pylon  
  137  8:38  Colossus  
  137  8:40  Photon Cannon  
  138  8:42  Photon Cannon  
  138  8:44  Shield Battery x2  
  138  8:45  Photon Cannon, Observer  
  138  8:48  Photon Cannon  
  138  8:55  Pylon  
  139  8:56  Warp Prism  
  139  8:57  Pylon  
  139  9:03  Nexus  
  139  9:06  Photon Cannon  
  141  9:11  Sentry x5  
  141  9:14  Photon Cannon  
  151  9:19  Photon Cannon  
  151  9:20  Shield Battery  
  151  9:23  Photon Cannon  
  151  9:25  Pylon  
  145  9:36  Sentry x4  
  145  9:37  Sentry x2  
  118  9:54  Probe x2  
  118  9:57  Sentry  
  122  10:03  Sentry x2  
  122  10:04  Sentry  
  101  10:24  Sentry x3, Probe  
  101  10:26  Probe  
  106  10:32  Probe  
  106  10:34  Assimilator, Sentry x2  
  110  10:38  Assimilator, Probe  
  110  10:42  Probe  
  108  10:43  Pylon  
  108  10:44  Cybernetics Core  
  108  10:46  Forge, Probe x2  
  109  10:50  Probe  
  109  10:51  Gateway  
  109  10:53  Gateway  
  109  10:54  Probe  
  109  10:55  Pylon  
  107  10:58  Probe  
  107  11:03  Probe  
  108  11:06  Probe  
  103  11:15  Probe  
  92  11:26  Gateway  
  92  11:27  Gateway  
  92  11:28  Photon Cannon  
  92  11:29  Photon Cannon, Gateway  
  92  11:30  Probe  
  92  11:31  Pylon, Probe x2  
  92  11:33  Photon Cannon, Pylon  
  92  11:35  Photon Cannon  
  92  11:37  Photon Cannon x3  
  92  11:39  Photon Cannon  
  91  11:40  Photon Cannon, Sentry x2  
  91  11:42  Photon Cannon  
  91  11:43  Probe x3  
  91  11:44  Pylon  
  91  11:45  Pylon x2  
  98  11:55  Probe x3  
  101  12:06  Nexus, Sentry x3  
  101  12:07  Probe  
  106  12:09  Pylon  
  106  12:14  Pylon  
  106  12:27  Photon Cannon  
  106  12:29  Photon Cannon  
  102  12:30  Sentry, Probe x2  
  102  12:31  Photon Cannon, Sentry x5  
  102  12:33  Photon Cannon  
  102  12:34  Photon Cannon  
  102  12:35  Shield Battery  
  110  12:37  Pylon  
  108  12:54  Sentry x6  
  112  13:03  Probe x2  
  100  13:09  Shield Battery  
  100  13:10  Photon Cannon  
  100  13:11  Shield Battery  
  100  13:12  Photon Cannon  
  100  13:13  Photon Cannon x3  
  100  13:14  Photon Cannon  
  100  13:16  Photon Cannon x2  
  100  13:18  Photon Cannon  
  100  13:22  Photon Cannon  
  100  13:23  Pylon  
  100  13:25  Assimilator  
  99  13:27  Assimilator  
  99  13:28  Nexus  
  99  13:29  Pylon  
  99  13:30  Pylon  
  99  13:33  Sentry x6  
  111  13:36  Observer  
  111  13:57  Sentry x6  
  120  14:07  Photon Cannon  
  120  14:09  Photon Cannon  
  111  14:11  Photon Cannon  
  111  14:12  Photon Cannon  
  111  14:15  Photon Cannon  
  111  14:16  Shield Battery  
  108  14:17  Shield Battery  
  108  14:18  Pylon  
  108  14:20  Sentry x3  
  108  14:21  Sentry x3  
  120  14:26  Colossus  
  116  14:38  Pylon  
  116  14:46  Probe  
  117  14:54  Probe  
  117  14:55  Colossus x2, Sentry x5  
  117  14:56  Assimilator, Warp Prism, Colossus  
  118  15:00  Assimilator  
  118  15:03  Pylon  
  118  15:04  Probe  
  118  15:05  Photon Cannon x2  
  121  15:07  Photon Cannon  
  121  15:08  Photon Cannon  
  121  15:10  Photon Cannon  
  121  15:11  Photon Cannon  
  121  15:16  Probe  
  121  15:17  Sentry  
  121  15:18  Sentry x2  
  122  15:21  Nexus  
  122  15:23  Pylon  
  122  15:28  Sentry, Probe  
  123  15:29  Sentry x2  
  129  15:40  Probe  
  130  15:45  Nexus  
  130  15:47  Colossus  
  130  15:48  Pylon  
  126  15:51  Probe  
  115  15:58  Sentry  
  115  15:59  Sentry x3, Probe  
  124  16:05  Colossus, Pylon  
  124  16:06  Colossus  
  124  16:07  Sentry x2, Probe  
  128  16:12  Photon Cannon  
  128  16:13  Photon Cannon  
  128  16:15  Pylon  
  129  16:18  Probe  
  129  16:22  Sentry x4  
  138  16:28  Nexus  
  138  16:30  Pylon, Probe  
  134  16:35  Sentry x2  
  126  16:43  Probe  
  111  16:55  Probe  
  111  16:57  Sentry x4  
  108  17:09  Sentry x2  
  108  17:11  Colossus x2  
  112  17:20  Probe x3  
  115  17:28  Sentry x3  
  115  17:32  Probe x2  
  115  17:36  Photon Cannon  
  117  17:38  Photon Cannon  
  117  17:39  Photon Cannon  
  117  17:40  Probe  
  117  17:41  Photon Cannon x2  
  117  17:43  Photon Cannon x2  
  117  17:45  Photon Cannon x2  
  117  17:47  Sentry  
  117  17:48  Photon Cannon x2, Sentry x2, Probe  
  117  17:49  Photon Cannon  
  117  17:50  Shield Battery  
  117  17:51  Pylon, Probe  
  124  17:52  Photon Cannon  
  124  17:53  Pylon  
  124  17:54  Photon Cannon  
  124  17:55  Photon Cannon  
  124  17:57  Pylon  
  124  17:58  Photon Cannon  
  125  17:59  Photon Cannon  
  125  18:00  Photon Cannon  
  125  18:01  Pylon  
Show
View Real Time Build Order
Export as new Build Order

zuka Protoss 

Build Orders:  

Get SALT Encoding   

  12  0:01  Probe  
  13  0:13  Probe  
  14  0:17  Pylon  
  14  0:22  Probe  
  15  0:31  Probe  
  16  0:38  Gateway  
  16  0:41  Probe  
  16  0:47  Assimilator  
  17  0:53  Probe  
  18  0:57  Assimilator  
  18  1:01  Probe  
  18  1:09  Probe  
  19  1:16  Gateway  
  20  1:20  Probe  
  21  1:29  Cybernetics Core  
  21  1:32  Probe  
  22  1:39  Pylon  
  22  1:44  Probe  
  23  1:55  Warp Gate  
  23  2:01  Probe  
  23  2:04  Stalker  
  23  2:05  Sentry  
  28  2:18  Pylon  
  28  2:31  Stalker  
  28  2:35  Sentry  
  31  2:47  Robotics Facility  
  31  2:56  Nexus  
  31  3:00  Probe  
  32  3:08  Stalker  
  34  3:13  Sentry  
  34  3:15  Probe  
  37  3:21  Pylon  
  37  3:27  Probe  
  37  3:34  Immortal  
  38  3:44  Probe  
  43  3:56  Probe  
  43  4:00  Pylon  
  43  4:02  Stalker  
  46  4:09  Stalker, Warp Prism  
  48  4:21  Probe  
  48  4:23  Probe  
  52  4:33  Probe  
  53  4:44  Stalker x2  
  53  4:45  Observer  
  57  4:48  Probe x2  
  60  5:00  Probe x2  
  60  5:03  Pylon  
  62  5:07  Stalker x2  
  64  5:28  Probe  
  64  5:30  Stalker x2  
  64  5:32  Probe  
  70  5:36  Probe  
  70  5:38  Forge  
  71  5:44  Probe  
  68  6:00  Stalker  
  68  6:01  Probe x2  
  72  6:11  Protoss Ground Weapons Level 1  
  66  6:13  Probe x2  
  68  6:25  Probe  
  67  6:27  Probe  
  67  6:29  Zealot x2  
  72  6:36  Gateway  
  72  6:37  Immortal, Probe  
  72  6:38  Gateway  
  72  6:39  Probe  
  74  6:41  Twilight Council  
  74  6:43  Assimilator  
  74  6:45  Assimilator  
  74  6:47  Pylon  
  74  6:51  Gateway  
  74  6:52  Pylon  
  74  6:53  Gateway  
  78  7:05  Probe  
  78  7:07  Probe  
  80  7:11  Charge  
  80  7:17  Probe  
  80  7:18  Zealot  
  80  7:19  Zealot  
  80  7:20  Probe  
  80  7:22  Gateway  
  76  7:25  Gateway x2  
  76  7:29  Probe  
  77  7:30  Templar Archives  
  77  7:33  Zealot x2  
  77  7:36  Pylon  
  81  7:41  Gateway  
  81  7:45  Zealot  
  81  7:46  Zealot  
  85  7:56  Warp Prism  
  85  7:57  Pylon  
  85  8:07  Protoss Ground Weapons Level 2  
  85  8:09  High Templar  
  85  8:10  High Templar, Zealot x2  
  85  8:11  Zealot  
  97  8:13  Archon  
  97  8:18  Pylon  
  97  8:24  High Templar x2  
  101  8:31  Nexus  
  101  8:33  Pylon  
  101  8:35  Archon  
  101  8:36  Zealot  
  103  8:45  Zealot x3  
  107  9:01  High Templar x2  
  107  9:02  Zealot x3  
  115  9:03  Zealot  
  115  9:06  Pylon, Archon  
  119  9:19  Zealot  
  117  9:25  Zealot  
  117  9:33  High Templar x2  
  117  9:34  Zealot x3  
  117  9:35  Zealot x2  
  131  9:38  Archon  
  115  9:50  High Templar  
  115  9:51  High Templar, Zealot  
  109  9:55  Zealot  
  109  9:56  Zealot, Archon  
  109  9:57  Zealot x3  
  115  10:12  Zealot x3  
  95  10:23  High Templar x2  
  95  10:24  Zealot x4  
  95  10:27  Archon  
  101  10:31  Zealot  
  95  10:55  Stalker x3  
  95  10:56  Stalker  
  101  10:59  Probe  
  101  11:02  Probe  
  101  11:04  Probe  
  100  11:07  Probe  
  86  11:14  Probe  
  86  11:16  Probe x2  
  89  11:23  Stalker x3  
  89  11:24  Stalker x2  
  98  11:27  Probe  
  98  11:30  High Templar x2, Zealot  
  98  11:32  Probe x2  
  107  11:39  Probe, Protoss Ground Weapons Level 3  
  108  11:44  Archon, Probe  
  109  11:56  Stalker x2  
  107  12:16  Zealot x3  
  107  12:17  Zealot  
  107  12:25  Zealot x2  
  107  12:26  Zealot x3  
  110  12:37  Probe x2  
  94  12:50  Zealot x3  
  94  12:51  High Templar x2  
  96  13:11  Zealot x3  
  96  13:20  Probe x2  
  96  13:21  Probe  
  99  13:32  Pylon, Probe x2  
  99  13:33  Probe  
  102  13:37  High Templar x2  
  102  13:38  High Templar x2  
  102  13:41  Archon  
  81  13:49  Archon  
  81  13:51  Zealot x2  
  75  13:57  Archon  
  75  14:02  Probe x2  
  74  14:09  Zealot  
  76  14:12  Zealot  
  68  14:34  High Templar x2, Zealot x2  
  68  14:38  Archon  
  72  14:49  Stalker x2  
  76  15:02  Zealot x2  
  76  15:03  Zealot  
  82  15:16  Zealot x3  
  82  15:31  Zealot x3  
  86  15:36  Probe  
  86  15:38  Probe x2  
  85  15:50  Probe  
  85  15:56  High Templar x2  
  86  15:57  Zealot x2  
  86  16:00  Archon  
  90  16:11  Zealot x2  
  90  16:13  Zealot  
  90  16:26  Zealot x3  
  88  16:49  Stalker x3  
  84  17:08  High Templar x2, Zealot  
  68  17:12  Archon  
  68  17:19  Zealot  
  68  17:20  Probe  
  70  17:30  Probe x2  
  72  17:41  Zealot  
  74  17:48  Probe x2  
  74  17:49  Probe  
Tags
 
Add a new tag
Caveats
  • Supply blocks, unpowered buildings, or Contaminate may cause inaccurate times.
  • Supply counts are checked every 10 seconds.